 Dungeon Crawl Stone Soup version 0.25.0-11-g1f837a76a1 (webtiles) character file.

Game seed: 13325383850828170507

625 Krehm the Changer (level 7, -4/57 HPs)
             Began as a Naga Transmuter on June 24, 2020.
             Was a Follower of Hepliaklqana.
             Slain by a gnoll
             ... wielding a +0 halberd
              (14 damage)
             ... on level 4 of the Dungeon.
             The game lasted 00:32:24 (6462 turns).

Krehm the Changer (Naga Transmuter)                 Turns: 6462, Time: 00:32:24

Health: -4/57      AC:  4    Str: 13    XL:     7   Next: 47%
Magic:  4/13       EV:  9    Int: 15    God:    Hepliaklqana [*.....]
Gold:   179        SH:  0    Dex: 11    Spells: 5/14 levels left

rFire    + . .     SeeInvis +   o - +2 short sword (venom)
rCold    + + .     Gourm    .   (no shield)
rNeg     . . .     Faith    .   y - +1 leather armour {rC+}
rPois    +         Spirit   .   (no helmet)
rElec    .         Reflect  .   s - scarf {rC+ rF+}
rCorr    .         Harm     .   (no gloves)
MR       .....                  (no barding)
Stlth    +.........             (no amulet)
HPRegen  0.19/turn              (no ring)
MPRegen  0.13/turn              (no ring)

@: mighty, appendage (expiring), very slightly contaminated, very slow
A: large, reduced essence, horns 2, see invisible, deformed body, poison
resistance, slowness 2, slow metabolism 1, spit poison 1, AC +2
a: Spit Poison, End Transformation, Recall Ancestor, Ancestor Identity, Renounce
Religion


You were on level 4 of the Dungeon.
You worshipped Hepliaklqana.
Hepliaklqana was aware of your devotion.
You were not hungry.
You had grown temporary horns.
You visited 1 branch of the dungeon, and saw 4 of its levels.

You collected 179 gold pieces.

Inventory:

Hand Weapons
 o - a +2 short sword of venom (weapon)
 v - a +2 halberd of venom
 w - a +1 spear of freezing
Missiles
 a - 12 arrows
 e - 24 poisoned darts (quivered)
Armour
 b - a +0 robe
 s - a scarf of resistance (worn)
 y - a +1 leather armour of cold resistance (worn)
Wands
 x - a wand of random effects (13)
Scrolls
 i - 2 scrolls of magic mapping {unknown}
 k - a scroll of fear {unknown}
 l - 2 scrolls of amnesia
 p - 2 scrolls of identify {unknown}
 q - a scroll of random uselessness {unknown}
 r - a scroll of noise {unknown}
 t - a scroll of remove curse
Potions
 c - a potion of stabbing {unknown}
 f - a potion of mutation {unknown}
 g - a potion of might
 h - a potion of heal wounds {unknown}
 j - a potion of lignification {unknown}
 m - 2 potions of ambrosia {unknown}
 u - 3 potions of degeneration {unknown}
Comestibles
 d - 6 rations
 n - 9 chunks of flesh


   Skills:
 + Level 4.0 Fighting
 + Level 1.2 Polearms
 - Level 1.5 Dodging
 - Level 3.3 Unarmed Combat
 + Level 4.1 Spellcasting
 - Level 4.1 Transmutations
 + Level 3.6 Poison Magic


You had 5 spell levels left.
You knew the following spells:

 Your Spells              Type           Power        Failure   Level  Hunger
a - Beastly Appendage     Tmut           ###...       4%          1    None
b - Sticks to Snakes      Tmut           ###.....     6%          2    ##.....
c - Spider Form           Tmut/Pois      ##........   14%         3    ###....
d - Ozocubu's Armour      Chrm/Ice       #.......     56%         3    ###....

Your spell library contained the following spells:

 Spells                   Type           Power        Failure   Level  Hunger
 Freeze                   Ice            #...         22%         1    None
 Frozen Ramparts          Ice            #.....       56%         3    ###....
 Ice Form                 Ice/Tmut       #.......     67%         4    ####...
 Blade Hands              Tmut           ###.......   75%         5    ######.
 Hailstorm                Conj/Ice       #.......     92%         4    ####...
 Summon Ice Beast         Ice/Summ       #.......     92%         4    ####...


Dungeon Overview and Level Annotations

Branches:
Dungeon (4/15)
 Temple: D:4-7

Altars:
Cheibriados
Elyvilon
Gozag
Hepliaklqana
Nemelex Xobeh
Qazlal
Zin


Innate Abilities, Weirdness & Mutations

You cannot wear boots.
Your serpentine skin is tough. (AC +2)
You have supernaturally acute eyesight. (SInv)
Armour fits poorly on your strangely shaped body.
Your system is resistant to poisons. (rPois)
You cover ground very slowly.
You have a slow metabolism.
You can spit poison.
Your life essence is reduced to manifest your ancestor. (-10% HP)
You have a pair of horns on your head.


Message History

Your ball python barely misses the gnoll.
Your ball python grabs the gnoll.
Your ball python constricts the gnoll.
Your ball python bites the gnoll but does no damage.
Your ball python constricts the gnoll.
The gnoll hits your ball python with a +0 halberd!
Your ball python dies!
You feel very mighty all of a sudden. The gnoll barely misses you.
The gnoll hits you with a +0 halberd.
* * * LOW HITPOINT WARNING * * *
The gnoll hits you with a +0 halberd.
* * * LOW HITPOINT WARNING * * *
You puncture the gnoll!
You kill the gnoll!
The gnoll misses you.
You closely miss the gnoll.
The gnoll is moderately wounded.
Your transformation is almost over.
The gnoll hits you with a +0 halberd!
You die...

.≈≈###'# .'. .'. .≈≈≈.#.# ..# #.
.≈≈≈.#.# ...# #. .≈≈≈.#.###'## ##
.≈≈≈.#......# #. .≈≈≈.#....g.# #.
.≈≈≈.#.##########################
.≈≈≈.#.#...........#....#........
.≈≈≈.#.'.......)@..)....'...)...÷
.≈≈###'#....)..g...#)...#........
P≈≈#...#############'())#########
.≈≈#...#...............).........
.≈≈#####≈≈≈≈≈≈≈≈≈≈≈≈(().≈≈≈≈≈≈≈≈≈
.≈≈≈≈≈≈≈≈≈≈≈≈≈≈≈≈≈≈≈....≈≈≈≈≈≈≈≈≈
.≈≈≈≈≈≈≈≈≈≈≈≈≈≈≈≈≈≈≈.)..≈≈≈≈≈≈≈≈≈
..................)).....).)...).
######>.......)...)......))......


You could see a gnoll.

Vanquished Creatures
  2 gnoll shamans (D:4)
  A bullfrog skeleton (D:4)
  2 orc wizards (D:3)
  A worker ant (D:3)
  An iguana (D:4)
  20 gnolls (D:4)
  An adder (D:3)
  An ooze (D:3)
  A worm (D:2)
  A dart slug (D:1)
  3 leopard geckos
  2 orcs (D:3)
  6 bats
  A giant cockroach (D:2)
  5 goblins (D:1)
  6 hobgoblins
  9 jackals
  5 kobolds
  A quokka (D:2)
  A ball python (D:2)
  6 frilled lizards
  4 rats
80 creatures vanquished.

Vanquished Creatures (collateral kills)
  Ijyb (D:4)
  11 gnolls (D:4)
  2 adders (D:2)
  An adder skeleton (D:4)
  3 goblins
  A hobgoblin (D:2)
  9 jackals
  2 kobolds (D:2)
  2 rats
32 creatures vanquished.

Vanquished Creatures (others)
  3 ancestors (D:4)
  A quokka (D:3)
4 creatures vanquished.

Grand Total: 116 creatures vanquished

Notes
Turn   | Place    | Note
-------+----------+-------------------------------------------
     0 | D:1      | Krehm the Naga Transmuter began the quest for the Orb.
     0 | D:1      | Reached XP level 1. HP: 18/18 MP: 3/3
   144 | D:1      | Reached XP level 2. HP: 13/25 MP: 3/5
   151 | D:1      | Learned a level 2 spell: Sticks to Snakes
   903 | D:1      | Reached XP level 3. HP: 31/31 MP: 4/6
  1307 | D:2      | Learned a level 3 spell: Spider Form
  1737 | D:2      | Found an opulent altar of Gozag.
  2240 | D:2      | Found a hazy altar of Hepliaklqana.
  2358 | D:2      | Became a worshipper of Hepliaklqana the Forgotten
  2381 | D:2      | Reached skill level 1 in Poison Magic
  2651 | D:2      | Reached XP level 4. HP: 18/35 MP: 5/7
  3164 | D:3      | Found a white marble altar of Elyvilon.
  3346 | D:3      | Reached XP level 5. HP: 27/41 MP: 7/9
  3629 | D:3      | Found a snail-covered altar of Cheibriados.
  4110 | D:3      | Found a sparkling altar of Nemelex Xobeh.
  4350 | D:4      | Learned a level 3 spell: Ozocubu's Armour
  4372 | D:4      | Reached * piety under Hepliaklqana
  4374 | D:4      | Found a stormy altar of Qazlal.
  4520 | D:4      | Found a glowing silver altar of Zin.
  4553 | D:4      | Reached XP level 6. HP: 6/49 MP: 8/10
  6140 | D:4      | Reached XP level 7. HP: 45/56 MP: 10/12
  6333 | D:4      | Reached skill level 1 in Polearms
  6379 | D:4      | Noticed Ijyb
  6388 | D:4      | Killed Ijyb
  6462 | D:4      | Slain by a gnoll

Illustrated notes

Levels and vault maps discovered:
D:1:      ncdulo_watergridlock, layout_rooms, minivault_4
D:2:      layout_basic, lemuel_round_altar, overflow_temple_1_default
D:3:      layout_loops_cross, cheibriados_altar_1, elyvilon_altar_4,
          kennysheep_nondescript, nemelex_diamond_rough_becter
D:4:      lemuel_castle_with_subvaults [lemuel_castle_interior_carwin_1],
          layout_basic, kennysheep_little_box, grunt_qazlal_clouds,
          first_ration, uniq_ijyb

Skill      XL: |  1  2  3  4  5  6  7 |
---------------+----------------------+-----
Poison Magic   | 1 2 3 |  3.6
Fighting       | 2 3 4 |  4.0
Transmutations | 3 4 |  4.1
Spellcasting   | 3 4 |  4.1
Polearms       | 1 |  1.2
Dodging        | |  1.5
Unarmed Combat | |  3.3

Action                   |  1- 3 |  4- 6 |  7- 9 || total
-------------------------+-------+-------+-------++-------
Melee: Unarmed           |    34 |       |       ||    34
       Headbutt          |    11 |    10 |     2 ||    23
       Short sword       |    31 |    98 |    26 ||   155
       Dagger            |    87 |       |       ||    87
 Cast: Beastly Appendage |    27 |    26 |     8 ||    61
       Sticks to Snakes  |     5 |     6 |     4 ||    15
Invok: Ancestor Identity |     1 |       |       ||     1
 Abil: Spit Poison       |     3 |       |       ||     3
  Use: Scroll            |       |     2 |       ||     2
       Potion            |       |       |     1 ||     1
 Stab: Sleeping          |     1 |       |       ||     1
  Eat: Chunk             |     4 |     6 |     1 ||    11
       Ration            |       |     1 |       ||     1
Armor: Robe              |    43 |    22 |     1 ||    66
       Leather armour    |       |       |     2 ||     2
Dodge: Dodged            |    81 |    42 |    18 ||   141
